 Dungeon Crawl Stone Soup version 0.30.0 (webtiles) character file.

Game seed: 2701491828441690118

2 zlionsfan the Sneak (level 1, -11/14 HPs)
             Began as a Gargoyle Delver on May 6, 2023.
             Mangled by an ogre
             ... wielding a +0 giant spiked club
              (25 damage)
             ... on level 4 of the Dungeon.
             The game lasted 00:01:33 (168 turns).

zlionsfan the Sneak (Gargoyle Delver)                Turns: 168, Time: 00:01:34

Health: -11/14     AC:  6    Str: 15    XL:     1   Next: 30%
Magic:  1/1        EV: 11    Int: 10    God:
Gold:   9          SH:  0    Dex: 11    Spells: 0/0 levels left

rFire   . . .        a - +0 mace
rCold   . . .        (no shield)
rNeg    + . .        h - +0 leather armour
rPois   ∞            i - +0 helmet
rElec   +            (no cloak)
rCorr   .            (no gloves)
SInv    .            (no boots)
Will    .....        (no amulet)
Stlth   +++          (no ring)
HPRegen 0.22/turn    (no ring)
MPRegen 0.07/turn

%: no passive effects
@: no status effects
A: sickness immunity, AC +2, negative energy resistance 1, electricity
resistance, torment resistance 1, petrification resistance
a: no special abilities


You were on level 4 of the Dungeon.
You visited 1 branch of the dungeon, and saw 2 of its levels.

You collected 9 gold pieces.

Inventory:

Hand Weapons
 a - a +0 mace (weapon)
 b - a +0 sling
Missiles
 e - a throwing net (quivered)
Armour
 h - a +0 leather armour (worn)
 i - a +0 helmet (worn)
Wands
 g - a wand of digging (2)
Scrolls
 d - a scroll of magic mapping
Potions
 f - a potion of haste


   Skills:
 + Level 3.3 Fighting
 + Level 2.0 Maces & Flails
 + Level 1.5 Dodging
 + Level 5.5 Stealth


You couldn't memorise any spells.
You didn't know any spells.
Your spell library was empty.

Dungeon Overview and Level Annotations

Branches:
Dungeon (5/15)
 Temple: D:4-7

Altars:

Annotations:
D:4 Sigmund


Innate Abilities, Weirdness & Mutations

You are immune to sickness and miasma.
Your stone body is resilient. (AC +2)
You are immune to poison.
You resist negative energy. (rN+)
You are resistant to electric shocks. (rElec)
You are resistant to unholy torment.
You are immune to petrification.


Message History

A scorpion comes into view.
You thump the orc!
You kill the orc!
As you read the scroll of fear, it crumbles to dust.
You assume a fearsome visage.
The scorpion looks frightened!
Found a quarterstaff.
You see here a +0 quarterstaff.
Okay, then.
Aiming: Dig
Press: ? - help, Shift-Dir - straight line A rock wall.
The rock shatters into small pieces.
Found a throwing net.
Found a stone staircase leading down.
Found a helmet.
e - a throwing net
Found 5 stones.
You see here a +0 helmet.
i - a +0 helmet You start putting on your armour.
You continue putting on your +0 helmet. x4
You finish putting on your +0 helmet.
Found 3 gold pieces.
You open the door.
Found 6 gold pieces.
There is an open door here.
Found a helmet.
You now have 6 gold pieces.
You now have 9 gold pieces (gained 3).
Found an escape hatch in the ceiling.
There is an escape hatch in the ceiling here.
A mysterious force pulls you upwards. The hatch slams shut behind you.
Sigmund the Dreaded comes into view.
He is wielding a +0 scythe.
Found a stone staircase leading down.
Sigmund shouts!
Sigmund drinks a potion.
Sigmund's spells are empowered!
An ogre comes into view. It is wielding a +0 giant spiked club.
As you read the scroll of fog, it crumbles to dust.
The scroll dissolves into smoke.
The ogre hits you with a +0 giant spiked club!!
Ouch! That really hurt!
You die...

##### ##...##
§#
#.....#####§#
#.......§§@§#
#....@####O.#
#......#
#§§...
#.#.##.#
....#.# #.#.#
.# ......
#.#.. .#
#.###..
#......# .#
### ####.###
.# .#


You could see an ogre.

Vanquished Creatures
  An orc (D:5)
1 creature vanquished.

Notes
Turn   | Place    | Note
-------+----------+-------------------------------------------
     0 | D:5      | zlionsfan the Gargoyle Delver began the quest for the Orb.
     0 | D:5      | Reached XP level 1. HP: 14/14 MP: 1/1
    31 | D:5      | Noticed an orc wizard
    65 | D:5      | Noticed a scorpion
   157 | D:4      | Noticed Sigmund
   165 | D:4      | Noticed an ogre
   168 | D:4      | Mangled by an ogre

Illustrated notes

Levels and vault maps discovered:
D:4:      layout_loops_corners, uniq_sigmund, uniq_robin
D:5:      layout_basic

Action                     || total
---------------------------++-------
  Melee: Mace              ||     1
  Evoke: Wand              ||     1
    Use: Scroll            ||     2
